cohdb
Replays
Latest Replays
All Replays
Popular Replays
Top Player Replays
Match Explorer
How It Works
Community
CoH3 Stats
Reddit
Sign in to upload your games and track your stats! →
Sign in with Steam
Match 42780916
Unlisted
Match 42780916
Overview
Messages
Build Orders
End
Construct Infanterie Kompanie
Kettenkrad Recon Vehicle
Grenadier Squad
Selects Breakthrough Battlegroup
Grenadier Squad
GrW 34 Mortar Team
Construct Luftwaffe Kompanie
Jäger Squad
Luftwaffe Officer Quarters
Selects Assault Grenadiers
Selects Rapid Production
Jäger Squad
~(˘▾˘~)
WadoVice
0
0
Comments
sign in to comment!
No comments posted yet!